 Dungeon Crawl Stone Soup version 0.30-a0-219-gf2db51d15e (webtiles) character file.

Game seed: 2748185702959249106

249 Flugkiller the Cudgeller (level 6, -6/55 HPs)
             Began as a Meteoran Chaos Knight on Oct 6, 2022.
             Was a Plaything of Xom.
             Mangled by a queen bee (shapeshifter) (15 damage)
             ... in a sewer.
             The game lasted 00:03:01 (833 turns).

Flugkiller the Cudgeller (Meteoran Chaos Knight)     Turns: 833, Time: 00:03:01

Health: -6/55      AC:  7    Str: 15    XL:     6   Next: 62%
Magic:  7/7        EV: 10    Int: 15    God:    Xom [..*...]
Gold:   98         SH:  0    Dex: 13    Spells: 5/5 levels left

rFire   . . .      SeeInvis .    a - +0 mace (chaos)
rCold   . . .      Faith    .    (no shield)
rNeg    + . .      Spirit   .    u - +2 ring mail of Fun and Games {rN+}
rPois   .          Reflect  .    (no helmet)
rElec   .          Harm     .    (no cloak)
rCorr   .          Rampage  .    (no gloves)
Will    .....                    (no boots)
Stlth   +.........               f - amulet of magic regeneration
HPRegen 0.29/turn                s - ring of flight
MPRegen 0.50/turn                (no ring)

@: flying, glowing
A: sense surroundings 1, otherworldly, glowing, explore regen
a: Renounce Religion


You were in a sewer.
You worshipped Xom.
You were a toy of Xom.
You visited 1 branch of the dungeon, and saw 3 of its levels.
You also visited: Sewer.

You collected 98 gold pieces.

Inventory:

Hand Weapons
 a - a +0 mace of chaos (weapon)
 p - a +0 war axe
   (You found it on level 3 of the Dungeon)
Missiles
 e - 3 curare-tipped darts
 m - 2 silver boomerangs
 q - 5 poisoned darts
Armour
 b - a +2 leather armour
 u - the +2 ring mail of Fun and Games (worn) {rN+}
   (You found it on level 3 of the Dungeon)

   rN:        It protects you from negative energy.
Magical Staves
 h - a staff of air
   (You found it on level 2 of the Dungeon)
 r - a staff of fire
   (You took it off a kobold on level 3 of the Dungeon)
Jewellery
 f - an amulet of magic regeneration (around neck)
   (You found it on level 1 of the Dungeon)
 s - a ring of flight (left hand)
   (You found it on level 3 of the Dungeon)
Wands
 j - a wand of digging (9)
   (You found it on level 2 of the Dungeon)
 k - a wand of roots (6)
   (You took it off Jessica on level 2 of the Dungeon)
Scrolls
 g - a scroll of immolation {unknown}
 i - a scroll of enchant weapon {unknown}
 t - a scroll of identify {unknown}
 v - a scroll of fog {unknown}
Potions
 d - 2 potions of curing {unknown}
 l - a potion of mutation {unknown}
 n - a potion of brilliance {unknown}
 o - 2 potions of resistance {unknown}
 w - 2 potions of berserk rage
Miscellaneous
 c - a piece from Xom's chessboard (14/15) (quivered)


   Skills:
 + Level 4.9 Fighting
 * Level 7.6 Maces & Flails
 - Level 2.4 Armour
 - Level 1.2 Dodging


You had 5 spell levels left.
You didn't know any spells.
Your spell library was empty.

Dungeon Overview and Level Annotations

Branches:
Dungeon (3/15) Zot: 1013    Sewer (1/1) Zot: 545

Altars:


Innate Abilities, Weirdness & Mutations

You passively map a small area around you.
You are easily found by Zot.
You glow in the dark.
You regain HP and MP as you explore.


Message History

The bat hits you but does no damage. x2
You closely miss the bat.
The bat is severely wounded.
The bat hits you but does no damage. The bat completely misses you.
The bat hits you.
You closely miss the bat. The bat hits you but does no damage. x3
You thump the bat!
You kill the bat!
The bat misses you. The bat hits you but does no damage.
You hit the bat.
You kill the bat!
The bat hits you but does no damage.
You barely miss the bat. The bat closely misses you.
You hit the bat.
The bat is moving more slowly.
The bat is severely wounded.
The bat closely misses you.
You hit the bat.
You kill the bat!
No target in view!
No target in view!
A bat comes into view.
The bat hits you but does no damage.
You barely miss the bat. The bat barely misses you.
The bat hits you but does no damage.
You sock the bat! You freeze the bat.
You kill the bat!
No target in view!
A bat comes into view.
Found 2 potions of berserk rage.
Found a gate leading back out of this place.
A bat is nearby!
You hit the bat. You freeze the bat.
The bat is severely wounded.
The bat hits you but does no damage.
You miss the bat.
The bat is severely wounded.
The bat hits you but does no damage.
You hit the bat. You freeze the bat.
You kill the bat!
No target in view!
A water moccasin comes into view.
The water moccasin hisses angrily.
Found a condenser vane and 27 gold pieces.
The water moccasin bites you.
You see here 2 potions of berserk rage.
w - 2 potions of berserk rage The water moccasin bites you but does no damage.
You closely miss the water moccasin. The water moccasin barely misses you.
You hit the water moccasin.
The water moccasin is lightly wounded.
The water moccasin bites you.
You are poisoned.
The water moccasin poisons you! The water moccasin barely misses you.
You hit the water moccasin.
You feel better.
The water moccasin is moderately wounded.
You feel very sick. The water moccasin misses you.
You barely miss the water moccasin.
The water moccasin is moderately wounded.
You feel sick. The water moccasin closely misses you.
The water moccasin bites you but does no damage.
You closely miss the water moccasin.
The water moccasin is moderately wounded.
You feel sick. The water moccasin bites you.
You hit the water moccasin.
The water moccasin changes into a shapeshifter!
The shapeshifter is moderately wounded.
You feel sick.
The shapeshifter changes into a queen bee!
You barely miss the queen bee.
You feel sick.
You closely miss the queen bee.
You feel sick. The queen bee stings you!
You hit the queen bee.
The queen bee is lightly wounded.
You feel sick. The queen bee stings you.
Aiming: Fastroot
Press: ? - help, Shift-Dir - straight line, f - queen bee
Aim: a queen bee shaped shifter (lightly wounded)
The roots erupt in riotous growth!
Roots grab the queen bee.
The grasping roots constrict the queen bee.
You feel sick. The queen bee closely misses you.
You make a move on Xom's chessboard...
The queen bee resists with some effort.
The grasping roots constrict the queen bee.
You feel sick.
You are no longer poisoned.
The queen bee stings you!
* * * LOW HITPOINT WARNING * * *
Okay, then.
The grasping roots constrict the queen bee, but do no damage.
The roots release their grip on the queen bee.
Aiming: Fastroot
Press: ? - help, Shift-Dir - straight line, f/p - queen bee
Aim: a queen bee shaped shifter (moderately wounded)
The roots erupt in riotous growth!
Roots grab the queen bee.
The grasping roots constrict the queen bee.
Xom guffaws.
A chill wind blows around you. The queen bee stings you!
You die...
Xom thinks this is hilarious!

#..$}$..#
#.......#
#.......# .......
..... * ... #.#
####### #y#
##...†.## #@#
##...≈...#
#Y#######...≈≈≈...
#..........≈≈≈≈≈†∩
#.#######...≈≈≈...
#.# ##...≈...# #.#
##.....## #.#
####### #.# #.#


You could see a queen bee shaped shifter (rooted, ally target) and a friendly
ice beast (summoned).

Vanquished Creatures
  Sigmund (D:2)
  Jessica (D:2)
  An adder (D:3)
  A river rat (D:3)
  A dart slug (D:1)
  2 endoplasms
  4 giant cockroaches
  3 goblins
  3 quokkas (D:3)
  A ball python (D:1)
  12 bats
  2 frilled lizards
  6 kobolds
  4 rats
42 creatures vanquished.

Vanquished Creatures (collateral kills)
  A rat (D:1)
1 creature vanquished.

Grand Total: 43 creatures vanquished

Notes
Turn   | Place    | Note
-------+----------+-------------------------------------------
     0 | D:1      | Flugkiller the Meteoran Chaos Knight began the quest for
                  | the Orb.
     0 | D:1      | Reached XP level 1. HP: 19/19 MP: 2/2
    78 | D:1      | XOM: cast spell 'Summon Small Mammal'
   100 | D:1      | Reached XP level 2. HP: 26/26 MP: 3/3
   224 | D:1      | You fall into a shaft and drop 1 floor!
   242 | D:2      | Noticed Sigmund
   258 | D:2      | Killed Sigmund
   259 | D:2      | Reached skill level 6 in Maces & Flails
   259 | D:2      | Reached XP level 3. HP: 21/34 MP: 4/4
   259 | D:2      | Reached XP level 4. HP: 25/41 MP: 5/5
   259 | D:2      | Reached XP level 5. HP: 29/47 MP: 6/6
   259 | D:2      | Reached XP level 6. HP: 33/53 MP: 7/7
   302 | D:2      | Reached skill level 7 in Maces & Flails
   318 | D:2      | Found a faded altar of an unknown god.
   435 | D:2      | Noticed Jessica
   437 | D:2      | XOM: divination: magic mapping
   446 | D:2      | Killed Jessica
   679 | D:3      | Identified the +2 ring mail of Fun and Games {rN+}
   776 | D:3      | Found a glowing drain.
   780 | Sewer    | Entered a sewer
   817 | Sewer    | Noticed a water moccasin
   826 | Sewer    | a water moccasin changed into a shapeshifter
   826 | Sewer    | Noticed a shapeshifter (shapeshifter)
   826 | Sewer    | a shapeshifter changed into a queen bee
   826 | Sewer    | Noticed a queen bee (shapeshifter)
   833 | Sewer    | XOM: cast spell 'Summon Ice Beast'
   833 | Sewer    | Mangled by a queen bee (shapeshifter)

Illustrated notes

Levels and vault maps discovered:
D:1:      ebering_trefoil_3fold, layout_basic
D:2:      layout_loops_corners, ebering_ecumenical_altar_hall, serial_shops,
          nicolae_lakefront_shop, uniq_jessica, uniq_natasha, uniq_sigmund
D:3:      layout_basic, gup_sewer_entry_spiral, uniq_terence
Sewer:    sewer_big_baddie

Skill      XL: |  1  2  3  4  5  6 |
---------------+-------------------+-----
Fighting       | 4 |  4.9
Maces & Flails | 6 7 |  7.6
Armour         | |  2.4
Dodging        | |  1.2

Action                   |  1- 3 |  4- 6 || total
-------------------------+-------+-------++-------
Melee: Mace              |    29 |    85 ||   114
Evoke: Piece from Xom's  |     1 |     1 ||     2
       Wand              |       |     2 ||     2
 Stab: Confused          |     1 |       ||     1
Armor: Leather armour    |    17 |    12 ||    29
       Ring mail         |       |    40 ||    40
Dodge: Dodged            |    19 |    50 ||    69

Table legend: (Time is in decaauts)
 A = Elapsed time spent in this place.
 B = Non-inter-level travel time spent in this place.
 C = Inter-level travel time spent in this place.
 D = Time resting spent in this place.
 E = Time spent auto-exploring this place.
 F = Levels seen in this place.
 G = Mean time per level.
                   A        B        C        D        E       F      G
               +--------+--------+--------+--------+--------+-----+--------+
         Total |    840 |    828 |     12 |      0 |      0 |   4 |  210.0 |
       Dungeon |    786 |    774 |     12 |      0 |      0 |   3 |  262.0 |
         Sewer |     53 |     53 |      0 |      0 |      0 |   1 |   53.0 |
               +--------+--------+--------+--------+--------+-----+--------+

Top non-repeatable levels by time:
     D:2: 294 daAuts
     D:3: 255 daAuts
     D:1: 236 daAuts
   Sewer: 53 daAuts
